Workbook

Sheet ЛСР
B2: Локальный сметный расчет (ЛСР) №1
B3: Объект: «Жилой район «Преображенский» в г. Тюмени. Квартал 8. Участок 72:17:1313004:1005. Многоэтажный жилой дом с нежилыми помещениями ГП-72.215» Секция 1
B4: Ведомость объемов работ и расхода материалов по работе: Черновая отделка полов и сопутствующим работам (согласно проекту шифр АР, стадия Р)
A6: № | B6: Наименование | C6: Артикул, марка, производитель | D6: Характеристика | E6: Ед. изм. | F6: Норма расхода | G6: Секция 1 | H6: Количество | I6: Цена за ед., руб | J6: Сумма, руб | K6: Примечание | L6: Форма закупа материала
A8: 09 | B8: Внутренняя отделка
A9: 09.01 | B9: Черновая отделка полов | J9: =SUM($J$84,$J$68,$J$10) -> 0
A10: 09.01.01 | B10: Устройство стяжки в квартирах и МОП | J10: =SUM($J$11) -> 0
A11: 09.01.01.00 | B11: Устройство стяжки в квартирах и МОП | J11: =SUM($J$60,$J$58,$J$50,$J$48,$J$40,$J$38,$J$29,$J$27,$J$25,$J$23,$J$20,$J$18,$J$14,$J$12) -> 0
B12: Работы: | J12: =SUM($J$13) -> 0
B13: Заделка тех. отверстий | E13: м3 | G13: 5.26 | H13: =SUM($G$13:$G$13) -> 5.26 | I13: {=INDEX(Р[Цена за ед., руб],MATCH(1,IF(($B13=Р[Наименование])*($K13=Р[Примечание]),{1},($B13=Р[Наименование])*($K13=Р[Примечание])),0))} -> 0 | J13: =ROUND($H$13*$I$13,2) -> 0
B14: Материалы: | J14: =SUM($J$15:$J$17) -> 0
A15: 1 | B15: Арматура | D15: А500С Ø8 ГОСТ 34028-2016 | E15: т | F15: 1.03 | G15: 0.089 | H15: =SUM($G$15:$G$15) -> 0.089 | I15: =VLOOKUP(B15,М[#All],6,0) -> 0 | J15: =ROUND($H$15*$I$15,2) -> 0 | L15: Закупка подрядчик
A16: 2 | B16: Бетон БСТ B20 | D16: БСТ B20 | E16: м3 | F16: 1.015 | G16: 5.34 | H16: =SUM($G$16:$G$16) -> 5.34 | I16: =VLOOKUP(B16,М[#All],6,0) -> 0 | J16: =ROUND($H$16*$I$16,2) -> 0 | L16: Закупка подрядчик
A17: 3 | B17: Сетка кладочная сварная Вр-1 50х50х2 | D17: кладочная сварная Вр-1 50х50х2 | E17: м2 | F17: 1.1 | G17: 32.15 | H17: =SUM($G$17:$G$17) -> 32.15 | I17: =VLOOKUP(B17,М[#All],6,0) -> 0 | J17: =ROUND($H$17*$I$17,2) -> 0 | L17: Закупка подрядчик
B18: Работы: | J18: =SUM($J$19) -> 0
B19: Изоляция для стяжки | E19: м2 | G19: 1477.05 | H19: =SUM($G$19:$G$19) -> 1477.05 | I19: {=INDEX(Р[Цена за ед., руб],MATCH(1,IF(($B19=Р[Наименование])*($K19=Р[Примечание]),{1},($B19=Р[Наименование])*($K19=Р[Примечание])),0))} -> 0 | J19: =ROUND($H$19*$I$19,2) -> 0 | K19: С заведением на стены 300 мм за 2 раза
B20: Материалы: | J20: =SUM($J$21:$J$22) -> 0
A21: 1 | B21: Лента гидроизоляционная 120х70мм | D21: 120х70мм | E21: пог. м | F21: 1.05 | G21: =(1.05+0.218)*G19 -> 1872.8994 | H21: =SUM($G$21:$G$21) -> 1872.8994 | I21: =VLOOKUP(B21,М[#All],6,0) -> 0 | J21: =ROUND($H$21*$I$21,2) -> 0 | L21: Закупка подрядчик
A22: 2 | B22: Гидроизоляция обмазочная цементная | C22: CR 65 Waterproof, Ceresit | D22: обмазочная цементная | E22: кг | F22: 4 | G22: 5908.2 | H22: =SUM($G$22:$G$22) -> 5908.2 | I22: =VLOOKUP(B22,М[#All],6,0) -> 0 | J22: =ROUND($H$22*$I$22,2) -> 0 | K22: CR 65 Waterproof, Ceresit | L22: Закупка подрядчик
B23: Работы: | J23: =SUM($J$24) -> 0
B24: Устройство сетки | E24: м2 | G24: 2026.73 | H24: =SUM($G$24:$G$24) -> 2026.73 | I24: {=INDEX(Р[Цена за ед., руб],MATCH(1,IF(($B24=Р[Наименование])*($K24=Р[Примечание]),{1},($B24=Р[Наименование])*($K24=Р[Примечание])),0))} -> 0 | J24: =ROUND($H$24*$I$24,2) -> 0
B25: Материалы: | J25: =SUM($J$26) -> 0
A26: 1 | B26: Сетка ЦПВС оцинк. 20х0,7х0,3 | D26: ЦПВС оцинк. 20х0,7х0,3 | E26: м2 | F26: 1.05 | G26: 2128.04 | H26: =SUM($G$26:$G$26) -> 2128.04 | I26: =VLOOKUP(B26,М[#All],6,0) -> 0 | J26: =ROUND($H$26*$I$26,2) -> 0 | L26: Закупка подрядчик
B27: Работы: | J27: =SUM($J$28) -> 0
B28: Устройство стяжки - тип 1 | E28: м2 | G28: 7754.66 | H28: =SUM($G$28:$G$28) -> 7754.66 | I28: {=INDEX(Р[Цена за ед., руб],MATCH(1,IF(($B28=Р[Наименование])*($K28=Р[Примечание]),{1},($B28=Р[Наименование])*($K28=Р[Примечание])),0))} -> 0 | J28: =ROUND($H$28*$I$28,2) -> 0 | K28: Тип 1 - вспененный полиэтилен + стяжка + краевая изоляция. Помещения квартир: коридоры, комнаты, кухни, прихожие - типовой этаж - 80 мм
B29: Материалы: | J29: =SUM($J$30:$J$37) -> 0
A30: 1 | B30: Лента клейкая армированная ТПЛ 48мм | D30: армированная ТПЛ 48мм | E30: м | F30: 1.05 | G30: 14488.48 | H30: =SUM($G$30:$G$30) -> 14488.48 | I30: =VLOOKUP(B30,М[#All],6,0) -> 0 | J30: =ROUND($H$30*$I$30,2) -> 0 | L30: Закупка подрядчик
A31: 2 | B31: Цемент ПЦ-400 Д20 | D31: ПЦ-400 Д20 | E31: кг | F31: 460 | G31: 285370.35 | H31: =SUM($G$31:$G$31) -> 285370.35 | I31: =VLOOKUP(B31,М[#All],6,0) -> 0 | J31: =ROUND($H$31*$I$31,2) -> 0 | L31: Закупка подрядчик
A32: 3 | B32: Песок среднезернистый МК 1,7-2,0; ГЧ до 3% | D32: среднезернистый МК 1,7-2,0; ГЧ до 3% | E32: т | F32: 1.723 | G32: 1068.56 | H32: =SUM($G$32:$G$32) -> 1068.56 | I32: =VLOOKUP(B32,М[#All],6,0) -> 0 | J32: =ROUND($H$32*$I$32,2) -> 0 | L32: Закупка подрядчик
A33: 4 | B33: Полиэтилен вспененный химически сшитый 10мм | D33: химически сшитый 10мм | E33: м2 | F33: 1.05 | G33: 8089.74 | H33: =SUM($G$33:$G$33) -> 8089.74 | I33: =VLOOKUP(B33,М[#All],6,0) -> 0 | J33: =ROUND($H$33*$I$33,2) -> 0 | L33: Закупка подрядчик
A34: 5 | B34: Герметик акриловый | D34: акриловый | E34: туб. | F34: 2.1 | G34: 379 | H34: =SUM($G$34:$G$34) -> 379 | I34: =VLOOKUP(B34,М[#All],6,0) -> 0 | J34: =ROUND($H$34*$I$34,2) -> 0 | K34: Стиз В, туба - 600 мл - наносится внутри квартиры у оконного блока открытого балкона | L34: Закупка подрядчик
A35: 6 | B35: Фиброволокно полипропиленовое 12мм | D35: полипропиленовое 12мм | E35: кг | F35: 0.4 | G35: 248.14 | H35: =SUM($G$35:$G$35) -> 248.14 | I35: =VLOOKUP(B35,М[#All],6,0) -> 0 | J35: =ROUND($H$35*$I$35,2) -> 0 | L35: Закупка подрядчик
A36: 7 | B36: Лента кромочная демпферная 8х100мм 20м | D36: 8х100мм 20м | E36: шт | F36: 1.05 | G36: 416 | H36: =SUM($G$36:$G$36) -> 416 | I36: =VLOOKUP(B36,М[#All],6,0) -> 0 | J36: =ROUND($H$36*$I$36,2) -> 0 | L36: Закупка подрядчик
A37: 8 | B37: Пластификатор противоморозный | D37: противоморозный | E37: л (дм3) | F37: 1 | G37: 620.35 | H37: =SUM($G$37:$G$37) -> 620.35 | I37: =VLOOKUP(B37,М[#All],6,0) -> 0 | J37: =ROUND($H$37*$I$37,2) -> 0 | L37: Закупка подрядчик
B38: Работы: | J38: =SUM($J$39) -> 0
B39: Устройство стяжки - тип 2 | E39: м2 | G39: 487.94 | H39: =SUM($G$39:$G$39) -> 487.94 | I39: {=INDEX(Р[Цена за ед., руб],MATCH(1,IF(($B39=Р[Наименование])*($K39=Р[Примечание]),{1},($B39=Р[Наименование])*($K39=Р[Примечание])),0))} -> 0 | J39: =ROUND($H$39*$I$39,2) -> 0 | K39: Тип 2 - теплоизоляция + стяжка + краевая изоляция. Вестибюль, тамбур, колясочная, лифтовой тамбур - 50 мм, нежелые помещения, помещения квартир: коридоры, комнаты, кухни, прихожие (1 этаж) - 80 мм
B40: Материалы: | J40: =SUM($J$41:$J$47) -> 0
A41: 1 | B41: Лента клейкая армированная ТПЛ 48мм | D41: армированная ТПЛ 48мм | E41: м | F41: 1.05 | G41: 404.1 | H41: =SUM($G$41:$G$41) -> 404.1 | I41: =VLOOKUP(B41,М[#All],6,0) -> 0 | J41: =ROUND($H$41*$I$41,2) -> 0 | L41: Закупка подрядчик
A42: 2 | B42: Пенополистирол экструзионный 50мм 30 кг/м3 | D42: экструзионный 50мм 30 кг/м3 | E42: м3 | F42: 1.03 | G42: 25.14 | H42: =SUM($G$42:$G$42) -> 25.14 | I42: =VLOOKUP(B42,М[#All],6,0) -> 0 | J42: =ROUND($H$42*$I$42,2) -> 0 | L42: Закупка подрядчик
A43: 3 | B43: Цемент ПЦ-400 Д20 | D43: ПЦ-400 Д20 | E43: кг | F43: 460 | G43: 15793.82 | H43: =SUM($G$43:$G$43) -> 15793.82 | I43: =VLOOKUP(B43,М[#All],6,0) -> 0 | J43: =ROUND($H$43*$I$43,2) -> 0 | L43: Закупка подрядчик
A44: 4 | B44: Песок среднезернистый МК 1,7-2,0; ГЧ до 3% | D44: среднезернистый МК 1,7-2,0; ГЧ до 3% | E44: т | F44: 1.723 | G44: 59.15 | H44: =SUM($G$44:$G$44) -> 59.15 | I44: =VLOOKUP(B44,М[#All],6,0) -> 0 | J44: =ROUND($H$44*$I$44,2) -> 0 | L44: Закупка подрядчик
A45: 5 | B45: Фиброволокно полипропиленовое 12мм | D45: полипропиленовое 12мм | E45: кг | F45: 0.4 | G45: 13.74 | H45: =SUM($G$45:$G$45) -> 13.74 | I45: =VLOOKUP(B45,М[#All],6,0) -> 0 | J45: =ROUND($H$45*$I$45,2) -> 0 | L45: Закупка подрядчик
A46: 6 | B46: Лента кромочная демпферная 8х100мм 20м | D46: 8х100мм 20м | E46: шт | F46: 1.05 | G46: 19 | H46: =SUM($G$46:$G$46) -> 19 | I46: =VLOOKUP(B46,М[#All],6,0) -> 0 | J46: =ROUND($H$46*$I$46,2) -> 0 | L46: Закупка подрядчик
A47: 7 | B47: Пластификатор противоморозный | D47: противоморозный | E47: л (дм3) | F47: 1 | G47: 34.33 | H47: =SUM($G$47:$G$47) -> 34.33 | I47: =VLOOKUP(B47,М[#All],6,0) -> 0 | J47: =ROUND($H$47*$I$47,2) -> 0 | L47: Закупка подрядчик
B48: Работы: | J48: =SUM($J$49) -> 0
B49: Устройство стяжки - тип 3 | E49: м2 | G49: 32.75 | H49: =SUM($G$49:$G$49) -> 32.75 | I49: {=INDEX(Р[Цена за ед., руб],MATCH(1,IF(($B49=Р[Наименование])*($K49=Р[Примечание]),{1},($B49=Р[Наименование])*($K49=Р[Примечание])),0))} -> 0 | J49: =ROUND($H$49*$I$49,2) -> 0 | K49: Тип 3 - теплоизоляция + обмазочная изоляция за 2 раза с заведением на стены 300 мм + стяжка. КУИ - 50 мм, сан узлы (квартиры 1 эт.) - 60 мм, сан узлы нежелых помещений - 65 мм;
B50: Материалы: | J50: =SUM($J$51:$J$57) -> 0
A51: 1 | B51: Пенополистирол экструзионный 50мм 30 кг/м3 | D51: экструзионный 50мм 30 кг/м3 | E51: м3 | F51: 1.03 | G51: 1.69 | H51: =SUM($G$51:$G$51) -> 1.69 | I51: =VLOOKUP(B51,М[#All],6,0) -> 0 | J51: =ROUND($H$51*$I$51,2) -> 0 | L51: Закупка подрядчик
A52: 2 | B52: Лента гидроизоляционная 120х70мм | D52: 120х70мм | E52: пог. м | F52: 1.05 | G52: =(1.05+0.979)*G49 -> 66.44975 | H52: =SUM($G$52:$G$52) -> 66.44975 | I52: =VLOOKUP(B52,М[#All],6,0) -> 0 | J52: =ROUND($H$52*$I$52,2) -> 0 | L52: Закупка подрядчик
A53: 3 | B53: Гидроизоляция обмазочная цементная | C53: CR 65 Waterproof, Ceresit | D53: обмазочная цементная | E53: кг | F53: 4 | G53: 205.28 | H53: =SUM($G$53:$G$53) -> 205.28 | I53: =VLOOKUP(B53,М[#All],6,0) -> 0 | J53: =ROUND($H$53*$I$53,2) -> 0 | K53: CR 65 Waterproof, Ceresit | L53: Закупка подрядчик
A54: 4 | B54: Цемент ПЦ-400 Д20 | D54: ПЦ-400 Д20 | E54: кг | F54: 460 | G54: 1067.96 | H54: =SUM($G$54:$G$54) -> 1067.96 | I54: =VLOOKUP(B54,М[#All],6,0) -> 0 | J54: =ROUND($H$54*$I$54,2) -> 0 | L54: Закупка подрядчик
A55: 5 | B55: Песок среднезернистый МК 1,7-2,0; ГЧ до 3% | D55: среднезернистый МК 1,7-2,0; ГЧ до 3% | E55: т | F55: 1.723 | G55: 4.01 | H55: =SUM($G$55:$G$55) -> 4.01 | I55: =VLOOKUP(B55,М[#All],6,0) -> 0 | J55: =ROUND($H$55*$I$55,2) -> 0 | L55: Закупка подрядчик
A56: 6 | B56: Фиброволокно полипропиленовое 12мм | D56: полипропиленовое 12мм | E56: кг | F56: 0.4 | G56: 0.93 | H56: =SUM($G$56:$G$56) -> 0.93 | I56: =VLOOKUP(B56,М[#All],6,0) -> 0 | J56: =ROUND($H$56*$I$56,2) -> 0 | L56: Закупка подрядчик
A57: 7 | B57: Пластификатор противоморозный | D57: противоморозный | E57: л (дм3) | F57: 1 | G57: 2.32 | H57: =SUM($G$57:$G$57) -> 2.32 | I57: =VLOOKUP(B57,М[#All],6,0) -> 0 | J57: =ROUND($H$57*$I$57,2) -> 0 | L57: Закупка подрядчик
B58: Работы: | J58: =SUM($J$59) -> 0
B59: Устройство стяжки - тип 4 | E59: м2 | G59: 1525.06 | H59: =SUM($G$59:$G$59) -> 1525.06 | I59: {=INDEX(Р[Цена за ед., руб],MATCH(1,IF(($B59=Р[Наименование])*($K59=Р[Примечание]),{1},($B59=Р[Наименование])*($K59=Р[Примечание])),0))} -> 0 | J59: =ROUND($H$59*$I$59,2) -> 0 | K59: Тип 4 - грунтовка + стяжка + краевая изоляция. Лестничная клетка - 60 мм, лифтовой тамбур, коридор - 80 мм, электрощитовая, помещение связи - 135 мм, ИТП, насосная - 75 мм
B60: Материалы: | J60: =SUM($J$61:$J$67) -> 0
A61: 1 | B61: Лента клейкая армированная ТПЛ 48мм | D61: армированная ТПЛ 48мм | E61: м | F61: 1.05 | G61: 1704.37 | H61: =SUM($G$61:$G$61) -> 1704.37 | I61: =VLOOKUP(B61,М[#All],6,0) -> 0 | J61: =ROUND($H$61*$I$61,2) -> 0 | L61: Закупка подрядчик
A62: 2 | B62: Грунтовка акриловая глуб. проникновения пр. плесени | D62: акриловая глуб. проникновения пр. плесени | E62: кг | F62: 0.15 | G62: 378.54 | H62: =SUM($G$62:$G$62) -> 378.54 | I62: =VLOOKUP(B62,М[#All],6,0) -> 0 | J62: =ROUND($H$62*$I$62,2) -> 0 | L62: Закупка подрядчик
A63: 3 | B63: Цемент ПЦ-400 Д20 | D63: ПЦ-400 Д20 | E63: кг | F63: 460 | G63: 54818.89 | H63: =SUM($G$63:$G$63) -> 54818.89 | I63: =VLOOKUP(B63,М[#All],6,0) -> 0 | J63: =ROUND($H$63*$I$63,2) -> 0 | L63: Закупка подрядчик
A64: 4 | B64: Песок среднезернистый МК 1,7-2,0; ГЧ до 3% | D64: среднезернистый МК 1,7-2,0; ГЧ до 3% | E64: т | F64: 1.723 | G64: 205.45 | H64: =SUM($G$64:$G$64) -> 205.45 | I64: =VLOOKUP(B64,М[#All],6,0) -> 0 | J64: =ROUND($H$64*$I$64,2) -> 0 | L64: Закупка подрядчик
A65: 5 | B65: Фиброволокно полипропиленовое 12мм | D65: полипропиленовое 12мм | E65: кг | F65: 0.4 | G65: 47.66 | H65: =SUM($G$65:$G$65) -> 47.66 | I65: =VLOOKUP(B65,М[#All],6,0) -> 0 | J65: =ROUND($H$65*$I$65,2) -> 0 | L65: Закупка подрядчик
A66: 6 | B66: Лента кромочная демпферная 8х100мм 20м | D66: 8х100мм 20м | E66: шт | F66: 1.05 | G66: 103 | H66: =SUM($G$66:$G$66) -> 103 | I66: =VLOOKUP(B66,М[#All],6,0) -> 0 | J66: =ROUND($H$66*$I$66,2) -> 0 | L66: Закупка подрядчик
A67: 7 | B67: Пластификатор противоморозный | D67: противоморозный | E67: л (дм3) | F67: 1 | G67: 119.25 | H67: =SUM($G$67:$G$67) -> 119.25 | I67: =VLOOKUP(B67,М[#All],6,0) -> 0 | J67: =ROUND($H$67*$I$67,2) -> 0 | L67: Закупка подрядчик
A68: 09.01.02 | B68: Устройство стяжки на балконах | J68: =SUM($J$69) -> 0
A69: 09.01.02.00 | B69: Устройство стяжки на балконах | J69: =SUM($J$78,$J$76,$J$72,$J$70) -> 0
B70: Работы: | J70: =SUM($J$71) -> 0
B71: Изоляция для стяжки на открытых балконах | E71: м2 | G71: 325.19 | H71: =SUM($G$71:$G$71) -> 325.19 | I71: {=INDEX(Р[Цена за ед., руб],MATCH(1,IF(($B71=Р[Наименование])*($K71=Р[Примечание]),{1},($B71=Р[Наименование])*($K71=Р[Примечание])),0))} -> 0 | J71: =ROUND($H$71*$I$71,2) -> 0 | K71: в 1 слой
B72: Материалы: | J72: =SUM($J$73:$J$75) -> 0
A73: 1 | B73: Гидроизоляция оклеечная | D73: оклеечная | E73: м2 | F73: 1.1 | G73: 357.71 | H73: =SUM($G$73:$G$73) -> 357.71 | I73: =VLOOKUP(B73,М[#All],6,0) -> 0 | J73: =ROUND($H$73*$I$73,2) -> 0 | K73: Технониколь Master | L73: Закупка подрядчик
A74: 2 | B74: Праймер битумный | D74: битумный | E74: л (дм3) | F74: 0.3 | G74: =G71*F74 -> 97.557 | H74: =SUM($G$74:$G$74) -> 97.557 | I74: =VLOOKUP(B74,М[#All],6,0) -> 0 | J74: =ROUND($H$74*$I$74,2) -> 0 | K74: Технониколь | L74: Закупка подрядчик
A75: 3 | B75: Герметик акриловый | D75: акриловый | E75: туб. | F75: 2.175 | G75: 395 | H75: =SUM($G$75:$G$75) -> 395 | I75: =VLOOKUP(B75,М[#All],6,0) -> 0 | J75: =ROUND($H$75*$I$75,2) -> 0 | K75: Стиз А, туба - 600 мл | L75: Закупка подрядчик
B76: Работы: | J76: =SUM($J$77) -> 0
B77: Устройство стяжки на открытых балконах | E77: м2 | G77: 227.42 | H77: =SUM($G$77:$G$77) -> 227.42 | I77: {=INDEX(Р[Цена за ед., руб],MATCH(1,IF(($B77=Р[Наименование])*($K77=Р[Примечание]),{1},($B77=Р[Наименование])*($K77=Р[Примечание])),0))} -> 0 | J77: =ROUND($H$77*$I$77,2) -> 0
B78: Материалы: | J78: =SUM($J$79:$J$83) -> 0
A79: 1 | B79: Сетка кладочная сварная Вр-1 50х50х2 | D79: кладочная сварная Вр-1 50х50х2 | E79: м2 | F79: 1.1 | G79: 250.16 | H79: =SUM($G$79:$G$79) -> 250.16 | I79: =VLOOKUP(B79,М[#All],6,0) -> 0 | J79: =ROUND($H$79*$I$79,2) -> 0 | L79: Закупка подрядчик
A80: 2 | B80: Грунтовка акриловая БетонКонтакт | D80: акриловая БетонКонтакт | E80: кг | F80: 0.35 | G80: 79.6 | H80: =SUM($G$80:$G$80) -> 79.6 | I80: =VLOOKUP(B80,М[#All],6,0) -> 0 | J80: =ROUND($H$80*$I$80,2) -> 0 | L80: Закупка подрядчик
A81: 3 | B81: Цемент ПЦ-400 Д20 | D81: ПЦ-400 Д20 | E81: кг | F81: 460 | G81: 4186 | H81: =SUM($G$81:$G$81) -> 4186 | I81: =VLOOKUP(B81,М[#All],6,0) -> 0 | J81: =ROUND($H$81*$I$81,2) -> 0 | L81: Закупка подрядчик
A82: 4 | B82: Песок среднезернистый МК 1,7-2,0; ГЧ до 3% | D82: среднезернистый МК 1,7-2,0; ГЧ до 3% | E82: т | F82: 1.723 | G82: 15.68 | H82: =SUM($G$82:$G$82) -> 15.68 | I82: =VLOOKUP(B82,М[#All],6,0) -> 0 | J82: =ROUND($H$82*$I$82,2) -> 0 | L82: Закупка подрядчик
A83: 5 | B83: Пластификатор противоморозный | D83: противоморозный | E83: л (дм3) | F83: 1 | G83: 9.1 | H83: =SUM($G$83:$G$83) -> 9.1 | I83: =VLOOKUP(B83,М[#All],6,0) -> 0 | J83: =ROUND($H$83*$I$83,2) -> 0 | L83: Закупка подрядчик
A84: 09.01.99 | B84: Прочие работы | J84: =SUM($J$85) -> 0
A85: 09.01.99.00 | B85: Прочие работы | J85: =SUM($J$88,$J$86) -> 0
B86: Работы: | J86: =SUM($J$87) -> 0
B87: Монтаж уголка с огрунтовкой и окраской | E87: пог. м | G87: 122.75 | H87: =SUM($G$87:$G$87) -> 122.75 | I87: {=INDEX(Р[Цена за ед., руб],MATCH(1,IF(($B87=Р[Наименование])*($K87=Р[Примечание]),{1},($B87=Р[Наименование])*($K87=Р[Примечание])),0))} -> 0 | J87: =ROUND($H$87*$I$87,2) -> 0
B88: Материалы: | J88: =SUM($J$89:$J$92) -> 0
A89: 1 | B89: Уголок стальной 63х63х5 | D89: 63х63х5 | E89: кг | F89: 1.04 | G89: 614.04 | H89: =SUM($G$89:$G$89) -> 614.04 | I89: =VLOOKUP(B89,М[#All],6,0) -> 0 | J89: =ROUND($H$89*$I$89,2) -> 0 | L89: Закупка подрядчик
A90: 2 | B90: Грунтовка алкидная ГФ-021 | D90: алкидная ГФ-021 | E90: кг | F90: 0.08 | G90: 2.47 | H90: =SUM($G$90:$G$90) -> 2.47 | I90: =VLOOKUP(B90,М[#All],6,0) -> 0 | J90: =ROUND($H$90*$I$90,2) -> 0 | L90: Закупка подрядчик
A91: 3 | B91: Электроды Э42 Ø4мм | D91: Э42 Ø4мм | E91: кг | F91: 0.02 | G91: 12.28 | H91: =SUM($G$91:$G$91) -> 12.28 | I91: =VLOOKUP(B91,М[#All],6,0) -> 0 | J91: =ROUND($H$91*$I$91,2) -> 0 | L91: Закупка подрядчик
A92: 4 | B92: Эмаль по металлу RAL7035 | D92: по металлу RAL7035 | E92: л (дм3) | F92: 0.3 | G92: 9.28 | H92: =SUM($G$92:$G$92) -> 9.28 | I92: =VLOOKUP(B92,М[#All],6,0) -> 0 | J92: =ROUND($H$92*$I$92,2) -> 0 | L92: Закупка подрядчик
H93: ИТОГО по сметному расчету: | J93: =$J$9 -> 0
H94: в т.ч.НДС%:
H95: Всего стоимость работ | J95: =SUM($J$86,$J$76,$J$70,$J$58,$J$48,$J$38,$J$27,$J$23,$J$18,$J$12) -> 0
H96: Всего стоимость материалов | J96: =SUM($J$88,$J$78,$J$72,$J$60,$J$50,$J$40,$J$29,$J$25,$J$20,$J$14) -> 0
B97: Расценки на работы включают:
B101: Комплекс работ по устройству стяжки включает:
B102: Устройство полусухой выравнивающей стяжки, укладка рулонной звукоизоляции по полу, устройство краевой и обмазочной изоляции. Заделка тех. отверстий в плите. Монтаж уголка с огрунтовкой и окраской (ral в соответсвии с проектом или по согласованию с главным архитектором и руководителем проекта).
B103: Примечание:
B104: При производстве работ учитывать:
A105: 1 | B105: Стяжка армированная фиброволокном М200
A106: 2 | B106: В стяжке выполнять - устройство усадочных швов (карты площадью не более 6 м2)
...

Sheet Работы
A1: Сводная ведомость объемов работ
A3: Наименование | B3: Ед. изм. | C3: Количество | D3: Цена за ед., руб | E3: Сумма, руб | F3: Примечание
A4: Заделка тех. отверстий | B4: м3 | C4: 5.26 | E4: =ROUND(Р[[#This Row],[Количество]]*Р[[#This Row],[Цена за ед., руб]],2) -> 0
A5: Изоляция для стяжки | B5: м2 | C5: 1477.05 | E5: =ROUND(Р[[#This Row],[Количество]]*Р[[#This Row],[Цена за ед., руб]],2) -> 0 | F5: С заведением на стены 300 мм за 2 раза
A6: Устройство сетки | B6: м2 | C6: 2026.73 | E6: =ROUND(Р[[#This Row],[Количество]]*Р[[#This Row],[Цена за ед., руб]],2) -> 0
A7: Устройство стяжки - тип 1 | B7: м2 | C7: 7754.66 | E7: =ROUND(Р[[#This Row],[Количество]]*Р[[#This Row],[Цена за ед., руб]],2) -> 0 | F7: Тип 1 - вспененный полиэтилен + стяжка + краевая изоляция. Помещения квартир: коридоры, комнаты, кухни, прихожие - типовой этаж - 80 мм
A8: Устройство стяжки - тип 2 | B8: м2 | C8: 487.94 | E8: =ROUND(Р[[#This Row],[Количество]]*Р[[#This Row],[Цена за ед., руб]],2) -> 0 | F8: Тип 2 - теплоизоляция + стяжка + краевая изоляция. Вестибюль, тамбур, колясочная, лифтовой тамбур - 50 мм, нежелые помещения, помещения квартир: коридоры, комнаты, кухни, прихожие (1 этаж) - 80 мм
A9: Устройство стяжки - тип 3 | B9: м2 | C9: 32.75 | E9: =ROUND(Р[[#This Row],[Количество]]*Р[[#This Row],[Цена за ед., руб]],2) -> 0 | F9: Тип 3 - теплоизоляция + обмазочная изоляция за 2 раза с заведением на стены 300 мм + стяжка. КУИ - 50 мм, сан узлы (квартиры 1 эт.) - 60 мм, сан узлы нежелых помещений - 65 мм;
A10: Устройство стяжки - тип 4 | B10: м2 | C10: 1525.06 | E10: =ROUND(Р[[#This Row],[Количество]]*Р[[#This Row],[Цена за ед., руб]],2) -> 0 | F10: Тип 4 - грунтовка + стяжка + краевая изоляция. Лестничная клетка - 60 мм, лифтовой тамбур, коридор - 80 мм, электрощитовая, помещение связи - 135 мм, ИТП, насосная - 75 мм
A11: Изоляция для стяжки на открытых балконах | B11: м2 | C11: 325.19 | E11: =ROUND(Р[[#This Row],[Количество]]*Р[[#This Row],[Цена за ед., руб]],2) -> 0 | F11: в 1 слой
A12: Устройство стяжки на открытых балконах | B12: м2 | C12: 227.42 | E12: =ROUND(Р[[#This Row],[Количество]]*Р[[#This Row],[Цена за ед., руб]],2) -> 0
A13: Монтаж уголка с огрунтовкой и окраской | B13: пог. м | C13: 122.75 | E13: =ROUND(Р[[#This Row],[Количество]]*Р[[#This Row],[Цена за ед., руб]],2) -> 0
A14: Итог | D14: Итого: | E14: =SUBTOTAL(109,Р[Сумма, руб]) -> 0
D15: Проверка: | E15: =Р[[#Totals],[Сумма, руб]]-ЛСР!J95 -> 0

Sheet Материалы
A1: Сводная ведомость объемов материала
A3: Наим. | B3: Артикул, марка, произв. | C3: Хар-ка | D3: Ед. изм. | E3: Количество | F3: Цена за ед., руб | G3: Сумма, руб | H3: Прим. | I3: Форма закупа
A4: Арматура | B4: =VLOOKUP(М[[#This Row],[Наим.]],ЛСР!$B$6:$L$92,2,0) -> 0 | C4: =VLOOKUP(М[[#This Row],[Наим.]],ЛСР!$B$6:$L$92,3,0) -> А500С Ø8 ГОСТ 34028-2016 | D4: =VLOOKUP(М[[#This Row],[Наим.]],ЛСР!$B$6:$L$92,4,0) -> т | E4: =SUMIF(ЛСР!$B$6:$B$92,$A4,ЛСР!$H$6:$H$92) -> 0.089 | G4: =ROUND(М[[#This Row],[Количество]]*М[[#This Row],[Цена за ед., руб]],2) -> 0 | H4: =VLOOKUP(М[[#This Row],[Наим.]],ЛСР!$B$6:$L$92,10,0) -> 0 | I4: =VLOOKUP(М[[#This Row],[Наим.]],ЛСР!$B$6:$L$92,11,0) -> Закупка подрядчик
A5: Бетон БСТ B20 | B5: =VLOOKUP(М[[#This Row],[Наим.]],ЛСР!$B$6:$L$92,2,0) -> 0 | C5: =VLOOKUP(М[[#This Row],[Наим.]],ЛСР!$B$6:$L$92,3,0) -> БСТ B20 | D5: =VLOOKUP(М[[#This Row],[Наим.]],ЛСР!$B$6:$L$92,4,0) -> м3 | E5: =SUMIF(ЛСР!$B$6:$B$92,$A5,ЛСР!$H$6:$H$92) -> 5.34 | G5: =ROUND(М[[#This Row],[Количество]]*М[[#This Row],[Цена за ед., руб]],2) -> 0 | H5: =VLOOKUP(М[[#This Row],[Наим.]],ЛСР!$B$6:$L$92,10,0) -> 0 | I5: =VLOOKUP(М[[#This Row],[Наим.]],ЛСР!$B$6:$L$92,11,0) -> Закупка подрядчик
A6: Сетка кладочная сварная Вр-1 50х50х2 | B6: =VLOOKUP(М[[#This Row],[Наим.]],ЛСР!$B$6:$L$92,2,0) -> 0 | C6: =VLOOKUP(М[[#This Row],[Наим.]],ЛСР!$B$6:$L$92,3,0) -> кладочная сварная Вр-1 50х50х2 | D6: =VLOOKUP(М[[#This Row],[Наим.]],ЛСР!$B$6:$L$92,4,0) -> м2 | E6: =SUMIF(ЛСР!$B$6:$B$92,$A6,ЛСР!$H$6:$H$92) -> 282.31 | G6: =ROUND(М[[#This Row],[Количество]]*М[[#This Row],[Цена за ед., руб]],2) -> 0 | H6: =VLOOKUP(М[[#This Row],[Наим.]],ЛСР!$B$6:$L$92,10,0) -> 0 | I6: =VLOOKUP(М[[#This Row],[Наим.]],ЛСР!$B$6:$L$92,11,0) -> Закупка подрядчик
A7: Лента гидроизоляционная 120х70мм | B7: =VLOOKUP(М[[#This Row],[Наим.]],ЛСР!$B$6:$L$92,2,0) -> 0 | C7: =VLOOKUP(М[[#This Row],[Наим.]],ЛСР!$B$6:$L$92,3,0) -> 120х70мм | D7: =VLOOKUP(М[[#This Row],[Наим.]],ЛСР!$B$6:$L$92,4,0) -> пог. м | E7: =SUMIF(ЛСР!$B$6:$B$92,$A7,ЛСР!$H$6:$H$92) -> 1939.3492 | G7: =ROUND(М[[#This Row],[Количество]]*М[[#This Row],[Цена за ед., руб]],2) -> 0 | H7: =VLOOKUP(М[[#This Row],[Наим.]],ЛСР!$B$6:$L$92,10,0) -> 0 | I7: =VLOOKUP(М[[#This Row],[Наим.]],ЛСР!$B$6:$L$92,11,0) -> Закупка подрядчик
A8: Гидроизоляция обмазочная цементная | B8: =VLOOKUP(М[[#This Row],[Наим.]],ЛСР!$B$6:$L$92,2,0) -> CR 65 Waterproof, Ceresit | C8: =VLOOKUP(М[[#This Row],[Наим.]],ЛСР!$B$6:$L$92,3,0) -> обмазочная цементная | D8: =VLOOKUP(М[[#This Row],[Наим.]],ЛСР!$B$6:$L$92,4,0) -> кг | E8: =SUMIF(ЛСР!$B$6:$B$92,$A8,ЛСР!$H$6:$H$92) -> 6113.48 | G8: =ROUND(М[[#This Row],[Количество]]*М[[#This Row],[Цена за ед., руб]],2) -> 0 | H8: =VLOOKUP(М[[#This Row],[Наим.]],ЛСР!$B$6:$L$92,10,0) -> CR 65 Waterproof, Ceresit | I8: =VLOOKUP(М[[#This Row],[Наим.]],ЛСР!$B$6:$L$92,11,0) -> Закупка подрядчик
A9: Сетка ЦПВС оцинк. 20х0,7х0,3 | B9: =VLOOKUP(М[[#This Row],[Наим.]],ЛСР!$B$6:$L$92,2,0) -> 0 | C9: =VLOOKUP(М[[#This Row],[Наим.]],ЛСР!$B$6:$L$92,3,0) -> ЦПВС оцинк. 20х0,7х0,3 | D9: =VLOOKUP(М[[#This Row],[Наим.]],ЛСР!$B$6:$L$92,4,0) -> м2 | E9: =SUMIF(ЛСР!$B$6:$B$92,$A9,ЛСР!$H$6:$H$92) -> 2128.04 | G9: =ROUND(М[[#This Row],[Количество]]*М[[#This Row],[Цена за ед., руб]],2) -> 0 | H9: =VLOOKUP(М[[#This Row],[Наим.]],ЛСР!$B$6:$L$92,10,0) -> 0 | I9: =VLOOKUP(М[[#This Row],[Наим.]],ЛСР!$B$6:$L$92,11,0) -> Закупка подрядчик
A10: Лента клейкая армированная ТПЛ 48мм | B10: =VLOOKUP(М[[#This Row],[Наим.]],ЛСР!$B$6:$L$92,2,0) -> 0 | C10: =VLOOKUP(М[[#This Row],[Наим.]],ЛСР!$B$6:$L$92,3,0) -> армированная ТПЛ 48мм | D10: =VLOOKUP(М[[#This Row],[Наим.]],ЛСР!$B$6:$L$92,4,0) -> м | E10: =SUMIF(ЛСР!$B$6:$B$92,$A10,ЛСР!$H$6:$H$92) -> 16596.95 | G10: =ROUND(М[[#This Row],[Количество]]*М[[#This Row],[Цена за ед., руб]],2) -> 0 | H10: =VLOOKUP(М[[#This Row],[Наим.]],ЛСР!$B$6:$L$92,10,0) -> 0 | I10: =VLOOKUP(М[[#This Row],[Наим.]],ЛСР!$B$6:$L$92,11,0) -> Закупка подрядчик
A11: Цемент ПЦ-400 Д20 | B11: =VLOOKUP(М[[#This Row],[Наим.]],ЛСР!$B$6:$L$92,2,0) -> 0 | C11: =VLOOKUP(М[[#This Row],[Наим.]],ЛСР!$B$6:$L$92,3,0) -> ПЦ-400 Д20 | D11: =VLOOKUP(М[[#This Row],[Наим.]],ЛСР!$B$6:$L$92,4,0) -> кг | E11: =SUMIF(ЛСР!$B$6:$B$92,$A11,ЛСР!$H$6:$H$92) -> 361237.02 | G11: =ROUND(М[[#This Row],[Количество]]*М[[#This Row],[Цена за ед., руб]],2) -> 0 | H11: =VLOOKUP(М[[#This Row],[Наим.]],ЛСР!$B$6:$L$92,10,0) -> 0 | I11: =VLOOKUP(М[[#This Row],[Наим.]],ЛСР!$B$6:$L$92,11,0) -> Закупка подрядчик
A12: Песок среднезернистый МК 1,7-2,0; ГЧ до 3% | B12: =VLOOKUP(М[[#This Row],[Наим.]],ЛСР!$B$6:$L$92,2,0) -> 0 | C12: =VLOOKUP(М[[#This Row],[Наим.]],ЛСР!$B$6:$L$92,3,0) -> среднезернистый МК 1,7-2,0; ГЧ до 3% | D12: =VLOOKUP(М[[#This Row],[Наим.]],ЛСР!$B$6:$L$92,4,0) -> т | E12: =SUMIF(ЛСР!$B$6:$B$92,$A12,ЛСР!$H$6:$H$92) -> 1352.85 | G12: =ROUND(М[[#This Row],[Количество]]*М[[#This Row],[Цена за ед., руб]],2) -> 0 | H12: =VLOOKUP(М[[#This Row],[Наим.]],ЛСР!$B$6:$L$92,10,0) -> 0 | I12: =VLOOKUP(М[[#This Row],[Наим.]],ЛСР!$B$6:$L$92,11,0) -> Закупка подрядчик
A13: Полиэтилен вспененный химически сшитый 10мм | B13: =VLOOKUP(М[[#This Row],[Наим.]],ЛСР!$B$6:$L$92,2,0) -> 0 | C13: =VLOOKUP(М[[#This Row],[Наим.]],ЛСР!$B$6:$L$92,3,0) -> химически сшитый 10мм | D13: =VLOOKUP(М[[#This Row],[Наим.]],ЛСР!$B$6:$L$92,4,0) -> м2 | E13: =SUMIF(ЛСР!$B$6:$B$92,$A13,ЛСР!$H$6:$H$92) -> 8089.74 | G13: =ROUND(М[[#This Row],[Количество]]*М[[#This Row],[Цена за ед., руб]],2) -> 0 | H13: =VLOOKUP(М[[#This Row],[Наим.]],ЛСР!$B$6:$L$92,10,0) -> 0 | I13: =VLOOKUP(М[[#This Row],[Наим.]],ЛСР!$B$6:$L$92,11,0) -> Закупка подрядчик
A14: Герметик акриловый | B14: =VLOOKUP(М[[#This Row],[Наим.]],ЛСР!$B$6:$L$92,2,0) -> 0 | C14: =VLOOKUP(М[[#This Row],[Наим.]],ЛСР!$B$6:$L$92,3,0) -> акриловый | D14: =VLOOKUP(М[[#This Row],[Наим.]],ЛСР!$B$6:$L$92,4,0) -> туб. | E14: =SUMIF(ЛСР!$B$6:$B$92,$A14,ЛСР!$H$6:$H$92) -> 774 | G14: =ROUND(М[[#This Row],[Количество]]*М[[#This Row],[Цена за ед., руб]],2) -> 0 | H14: =VLOOKUP(М[[#This Row],[Наим.]],ЛСР!$B$6:$L$92,10,0) -> Стиз В, туба - 600 мл - наносится внутри квартиры у оконного блока открытого балкона | I14: =VLOOKUP(М[[#This Row],[Наим.]],ЛСР!$B$6:$L$92,11,0) -> Закупка подрядчик
A15: Фиброволокно полипропиленовое 12мм | B15: =VLOOKUP(М[[#This Row],[Наим.]],ЛСР!$B$6:$L$92,2,0) -> 0 | C15: =VLOOKUP(М[[#This Row],[Наим.]],ЛСР!$B$6:$L$92,3,0) -> полипропиленовое 12мм | D15: =VLOOKUP(М[[#This Row],[Наим.]],ЛСР!$B$6:$L$92,4,0) -> кг | E15: =SUMIF(ЛСР!$B$6:$B$92,$A15,ЛСР!$H$6:$H$92) -> 310.47 | G15: =ROUND(М[[#This Row],[Количество]]*М[[#This Row],[Цена за ед., руб]],2) -> 0 | H15: =VLOOKUP(М[[#This Row],[Наим.]],ЛСР!$B$6:$L$92,10,0) -> 0 | I15: =VLOOKUP(М[[#This Row],[Наим.]],ЛСР!$B$6:$L$92,11,0) -> Закупка подрядчик
... A26: Эмаль по металлу RAL7035 | B26: =VLOOKUP(М[[#This Row],[Наим.]],ЛСР!$B$6:$L$92,2,0) -> 0 | C26: =VLOOKUP(М[[#This Row],[Наим.]],ЛСР!$B$6:$L$92,3,0) -> по металлу RAL7035 | D26: =VLOOKUP(М[[#This Row],[Наим.]],ЛСР!$B$6:$L$92,4,0) -> л (дм3) | E26: =SUMIF(ЛСР!$B$6:$B$92,$A26,ЛСР!$H$6:$H$92) -> 9.28 | G26: =ROUND(М[[#This Row],[Количество]]*М[[#This Row],[Цена за ед., руб]],2) -> 0 | H26: =VLOOKUP(М[[#This Row],[Наим.]],ЛСР!$B$6:$L$92,10,0) -> 0 | I26: =VLOOKUP(М[[#This Row],[Наим.]],ЛСР!$B$6:$L$92,11,0) -> Закупка подрядчик
A27: Итог | F27: Итого: | G27: =SUBTOTAL(109,М[Сумма, руб]) -> 0
F28: Проверка: | G28: =М[[#Totals],[Сумма, руб]]-ЛСР!J96 -> 0

Sheet ПараметрыЗагрузки
A1: ЛСР | B1: ЛСРГуид
A2: ГП-72.215.01.09.01 Секция 1_Черновая отделка полов №1 | B2: 2a9df7da-1175-11f1-9618-db392af1e994
